 Dungeon Crawl Stone Soup version 0.22-a0-580-gd5db89c (webtiles) character file.

5 Gildenfire the Cutter (level 1, -4/12 HPs)
             Began as a Kobold Skald on July 2, 2018.
             Slain by a leopard gecko (5 damage)
             ... on level 1 of the Dungeon.
             The game lasted 00:03:04 (197 turns).

Gildenfire the Cutter (Kobold Skald)                 Turns: 197, Time: 00:03:05

Health: -4/12      AC:  3    Str:  8    XL:     1   Next: 88%
Magic:  2/3        EV: 14    Int: 14    God:
Gold:   12         SH:  0    Dex: 14    Spells: 3/4 levels left

rFire    . . .     SeeInvis .   a - +0 short sword
rCold    . . .     Gourm    .   (shield restricted)
rNeg     . . .     Faith    .   b - +0 leather armour
rPois    .         Spirit   .   (no helmet)
rElec    .         Reflect  .   (no cloak)
rCorr    .         Harm     .   (no gloves)
MR       .....                  (no boots)
Stlth    +.........             (no amulet)
HPRegen  0.04/turn              (no ring)
MPRegen  0.08/turn              (no ring)

@: no status effects
A: small, carnivore
a: no special abilities


You were on level 1 of the Dungeon.
You were full.

You visited 1 branch of the dungeon, and saw 1 of its levels.

You collected 12 gold pieces.

Inventory:

Hand Weapons
 a - a +0 short sword (weapon)
Armour
 b - a +0 leather armour (worn)
Scrolls
 c - a scroll of enchant weapon {unknown}
Comestibles
 d - a ration


   Skills:
 + Level 2.2 Fighting
 * Level 2.9 Short Blades
 - Level 0.7 Armour
 + Level 2.5 Dodging
 * Level 0.8 Stealth
 + Level 2.2 Spellcasting
 + Level 2.4 Charms


You had 3 spell levels left.
You knew the following spells:

 Your Spells              Type           Power        Failure   Level  Hunger
a - Infusion              Chrm           #...         12%         1    #......

Your spell library contained the following spells:

 Spells                   Type           Power        Failure   Level  Hunger
 Regeneration             Chrm/Necr      #.........   52%         3    ###....
 Shroud of Golubria       Chrm/Tloc      #.........   30%         2    ###....
 Song of Slaying          Chrm           #.......     19%         2    ###....
 Spectral Weapon          Hex/Chrm       #.......     52%         3    ###....


Dungeon Overview and Level Annotations

Branches:
Dungeon (1/15)

Altars:


Innate Abilities, Weirdness & Mutations

You are small and have problems with some larger weapons.
You are carnivorous and can eat meat at any time.


Message History

The leopard gecko is severely wounded.
The leopard gecko bites you.
You barely miss the leopard gecko.
The leopard gecko is severely wounded.
The leopard gecko bites you.
* * * LOW HITPOINT WARNING * * *
The leopard gecko barely misses you.
You closely miss the leopard gecko.
The leopard gecko is severely wounded.
The leopard gecko bites you.
* * * LOW HITPOINT WARNING * * *
You barely miss the leopard gecko.
The leopard gecko is severely wounded.
Your magical infusion is running out.
The leopard gecko hisses menacingly.
The leopard gecko misses you. The leopard gecko closely misses you.
You are no longer magically infusing your attacks.
The leopard gecko bites you.
You die...

..#....#............#
.......#######.####.#
.......# #.### .#
.......#######.#.. ..
...............#.#
.......#########.#
.......###### #.#
............####.#
.....#..........@#
.....######.####l#
#.... #.# #.# ###.
#.# #.# ## #.# #.#
#.# #.# #.# #.# #.#
#.# #.# #.#


You could see a leopard gecko.

Vanquished Creatures
  A hobgoblin (D:1)
  A frilled lizard (D:1)
  2 kobolds (D:1)
  3 rats (D:1)
7 creatures vanquished.

Notes
Turn   | Place    | Note
-------+----------+-------------------------------------------
     0 | D:1      | Gildenfire the Kobold Skald began the quest for the Orb.
     0 | D:1      | Reached XP level 1. HP: 12/12 MP: 3/3
   197 | D:1      | Slain by a leopard gecko

Vault maps used:
D:1:      onia_arrival_pentagram, fountainhead

Action                   || total
-------------------------++-------
Melee: Short sword       ||    24
 Cast: Infusion          ||     1
 Stab: Sleeping          ||     1
  Eat: Chunk             ||     3
Dodge: Dodged            ||    22

Table legend:
 A = Spawn XP
 B = Non-spawn XP
 C = Spawn XP percentage of total XP
 D = Spawn monster count
 E = Non-spawn monster count
 F = Spawn count percentage of total count
 G = Total turns spent on level
                    A         B        C        D         E        F      G
               +---------+---------+-------+---------+---------+-------+---------
         Total |       0 |       8 |   0.0 |       0 |       7 |   0.0 |   197
               +---------+---------+-------+---------+---------+-------+---------
           D:1 |       0 |       8 |   0.0 |       0 |       7 |   0.0 |   197
               +---------+---------+-------+---------+---------+-------+---------
